 Dungeon Crawl Stone Soup version 0.31.0-4-g52a2dc7128 (webtiles) character file.

Game seed: 11483325189694231028

18589 Yore the Unflinching (level 12, -4/80 HPs)
             Began as a Gargoyle Fighter on Jan 21, 2024.
             Was a Believer of the Shining One.
             Incinerated by a deep elf pyromancer (10 damage)
             ... with a pyre arrow
             ... on level 12 of the Dungeon.
             The game lasted 00:21:50 (12212 turns).

Yore the Unflinching (Gargoyle Fighter)            Turns: 12212, Time: 00:21:51

Health: -4/80      AC: 37    Str: 26    XL:     12   Next: 60%
Magic:  21/21      EV:  6    Int: 10    God:    the Shining One [**....]
Gold:   861        SH:  9    Dex: 13    Spells: 11/11 levels left

rFire   . . .        p - +2 whip (elec)
rCold   . . .        H - +0 kite shield
rNeg    + + .        G - +4 plate armour
rPois   ∞            s - +2 helmet
rElec   +            (no cloak)
rCorr   .            M - +2 pair of gloves
SInv    .            (no boots)
Will    .....        h - amulet of magic regeneration Stlth
                     D - +4 ring of protection
HPRegen 0.33/turn    x - +6 ring of strength
MPRegen 0.57/turn

%: no passive effects
@: on fire, glowing
A: sickness immunity, AC +8, negative energy resistance 1, electricity
resistance, torment resistance 1, petrification resistance
a: Renounce Religion, Divine Shield


You were on level 12 of the Dungeon.
You worshipped the Shining One.
The Shining One was pleased with you.
You visited 2 branches of the dungeon, and saw 13 of its levels.

You collected 971 gold pieces.
You spent 110 gold pieces at shops.

Inventory:

Hand Weapons
 p - a +2 whip of electrocution (weapon)
 r - a +0 morningstar
Missiles
 n - 9 javelins (quivered)
 o - a throwing net
 y - 2 boomerangs
Armour
 s - a +2 helmet (worn)
 G - a +4 plate armour (worn)
 H - a +0 kite shield (worn)
 M - a +2 pair of gloves (worn)
Jewellery
 h - an amulet of magic regeneration (around neck)
 x - a +6 ring of strength (right hand)
 D - a +4 ring of protection (left hand)
 L - a +5 ring of evasion
Wands
 d - a wand of roots (20)
 l - a wand of mindburst (34)
 E - a wand of flame (10)
Scrolls
 a - a scroll of teleportation
 g - 2 scrolls of revelation
 j - 4 scrolls of blinking
 k - 2 scrolls of fog {unknown}
 t - 2 scrolls of vulnerability {unknown}
 v - 2 scrolls of poison {unknown}
 w - 3 scrolls of immolation
 z - a scroll of enchant armour {unknown}
 B - a scroll of silence {unknown}
 I - a scroll of brand weapon {unknown}
Potions
 c - a potion of might
 e - a potion of curing
 f - 2 potions of invisibility {unknown}
 m - a potion of haste
 q - 3 potions of resistance
 u - a potion of mutation
 A - a potion of magic {unknown}
 F - a potion of brilliance {unknown}
 J - 2 potions of cancellation {unknown}
 K - 2 potions of enlightenment {unknown}
Miscellaneous
 b - a box of beasts


   Skills:
 + Level 11.3 Fighting
 + Level 10.2 Maces & Flails
 + Level 9.1 Armour
 + Level 5.9 Shields
 * Level 13.1 Invocations


You had 11 spell levels left.
You didn't know any spells.
Your spell library contained the following spells:

 Spells                   Type           Power      Damage    Failure   Level
 Kiss of Death            Conj/Necr      0%         2d5       100%        1
 Call Imp                 Summ           0%         N/A       100%        2
 Ensorcelled Hibernation  Hex/Ice        0%         N/A       100%        2
 Lesser Beckoning         Tloc           0%         N/A       100%        2
 Mercury Vapours          Alch/Air       0%         N/A       100%        2
 Confusing Touch          Hex            0%         N/A       100%        3
 Fugue of the Fallen      Necr           0%         N/A       100%        3
 Gell's Gravitas          Tloc           0%         N/A       100%        3
 Mephitic Cloud           Conj/Alch/Air  0%         N/A       100%        3
 Passwall                 Erth           0%         N/A       100%        3
 Swiftness                Air            0%         N/A       100%        3
 Teleport Other           Tloc           0%         N/A       100%        3
 Tukima's Dance           Hex            0%         N/A       100%        3
 Anguish                  Hex/Necr       0%         N/A       100%        4
 Dispel Undead            Necr           0%         3d6       100%        4
 Ignite Poison            Fire/Alch      0%         N/A       100%        4
 Passage of Golubria      Tloc           0%         N/A       100%        4
 Sticky Flame             Fire/Alch      0%         2d4       100%        4
 Freezing Cloud           Conj/Ice/Air   0%         6-21      100%        5
 Yara's Violent Unravell  Hex/Alch       0%         3d3       100%        5
 Summon Hydra             Summ           0%         N/A       100%        7
 Ignition                 Fire           0%         3d3       100%        8
 Cigotuvi's Dreadful Rot  Necr/Alch/Air  Unusable   N/A       N/A         2
 Sublimation of Blood     Necr           Unusable   N/A       N/A         2

Dungeon Overview and Level Annotations

Branches:
Dungeon (12/15)            Temple (1/1) D:7            Lair (0/5) D:10
    Orc (0/2) D:9

Altars:
Ashenzari
Cheibriados
Dithmenos
Elyvilon
Fedhas
Gozag
Hepliaklqana
Kikubaaqudgha
Makhleb
Nemelex Xobeh
Okawaru
Qazlal
Ru
Sif Muna
Trog
Uskayaw
Vehumet
Wu Jian
Xom
Yredelemnul
Zin
The Shining One

Shops:
D:4 !

Annotations:
D:9 3 runed translucent doors


Innate Abilities, Weirdness & Mutations

You are immune to sickness and miasma.
Your stone body is resilient. (AC +8)
You are immune to poison.
You resist negative energy. (rN+)
You are resistant to electric shocks. (rElec)
You are resistant to unholy torment.
You are immune to petrification.


Message History

The liquid fire burns you!
The deep elf pyromancer gestures at you while chanting.
The bolt of fire hits you!
You whack the deep elf pyromancer!
You kill the deep elf pyromancer!
The liquid fire burns you!
You whack the deep elf pyromancer!
The deep elf pyromancer is lightly wounded.
The liquid fire burns you!
The deep elf pyromancer hits you but does no damage.
You closely miss the deep elf pyromancer.
The deep elf pyromancer is lightly wounded.
The liquid fire burns you!
The deep elf pyromancer casts a spell.
The deep elf pyromancer blinks!
You feel better. The liquid fire burns you!
* * * LOW HITPOINT WARNING * * *
You hit the deep elf pyromancer but do no damage.
Lightning courses through the deep elf pyromancer!
The deep elf pyromancer is heavily wounded.
The liquid fire burns you!
* * * LOW HITPOINT WARNING * * *
You feel much better. The liquid fire burns you!
* * * LOW HITPOINT WARNING * * *
You block the deep elf pyromancer's attack.
You barely miss the deep elf pyromancer.
The deep elf pyromancer is heavily wounded.
The liquid fire burns you!
* * * LOW HITPOINT WARNING * * *
The deep elf pyromancer casts a spell.
You feel better. The liquid fire burns you!
* * * LOW HITPOINT WARNING * * *
You block the deep elf pyromancer's attack.
You barely miss the deep elf pyromancer.
The deep elf pyromancer is heavily wounded.
The liquid fire burns you!
You die...

########## #........#
#####+########........#
#...........#.........#
#......)..............#
#......@.....#........#
#......e.....#........#
#......E.....#........#
#.#
+.....○......#........#
#.#
#...........##........#
#.#
#...........#######'###
#.# ##########+## #..#
#.# #.# ##.# #.# #.#
#.#


You could see a deep elf pyromancer and a fire elemental (summoned).

Vanquished Creatures
  3 centaur warriors
  2 two-headed ogres (D:9)
  2 hell knights (D:9)
  Pikel (D:4)
  A deep elf pyromancer (D:12)
  A cyclops (D:12)
  Joseph (D:8)
  6 centaur zombies (D:9)
  5 gargoyles
  An unseen horror (D:11)
  Maggie (D:8)
  4 trolls
  2 vampires (D:9)
  6 fire bats (D:9)
  16 yaks
  2 water moccasins
  Duvessa (D:5)
  2 black bears (D:5)
  8 orc warriors
  2 sky beasts
  2 ice beasts
  2 wolves (D:10)
  4 centaurs
  A phantom (D:5)
  2 kobold brigands (D:10)
  3 bullfrogs
  7 gnoll sergeants (D:9)
  A scorpion (D:5)
  4 wights (D:9)
  Dowan (D:5)
  11 killer bees
  A howler monkey (D:8)
  2 hounds (D:5)
  A gnoll bouda (D:6)
  8 orc priests
  2 sleepcaps (D:5)
  2 iguanas (D:6)
  8 orc wizards
  Robin (D:4)
  4 gnolls (D:6)
  11 adders
  4 river rats (D:5)
  A shadow imp (D:7)
  2 white imps
  2 ufetubi (D:3)
  3 dart slugs
  A ribbon worm (D:5)
  39 orcs
  3 bats
  3 endoplasms
  4 giant cockroaches
  16 goblins
  7 hobgoblins
  10 jackals
  4 quokkas
  5 ball pythons
  2 frilled lizards (D:3)
  11 kobolds
  2 rats (D:3)
264 creatures vanquished.

Notes
Turn   | Place    | Note
-------+----------+-------------------------------------------
     0 | D:1      | Yore the Gargoyle Fighter began the quest for the Orb.
     0 | D:1      | Reached XP level 1. HP: 14/14 MP: 1/1
   100 | D:1      | Reached XP level 2. HP: 10/19 MP: 2/2
   818 | D:2      | Reached XP level 3. HP: 22/24 MP: 3/3
  1513 | D:3      | Found a hazy altar of Hepliaklqana.
  1734 | D:3      | Found a faded altar of an unknown god.
  1797 | D:3      | Reached XP level 4. HP: 29/29 MP: 4/4
  2302 | D:4      | Reached XP level 5. HP: 13/34 MP: 5/5
  2483 | D:4      | Found Batyg's Distillery.
  2506 | D:4      | Bought a potion of curing for 30 gold pieces
  2506 | D:4      | Bought a potion of curing for 30 gold pieces
  2506 | D:4      | Bought a potion of berserk rage for 50 gold pieces
  2506 | D:4      | Found a stormy altar of Qazlal.
  2513 | D:4      | Noticed a lemure
  2513 | D:4      | Noticed a lemure
  2514 | D:4      | Noticed Pikel
  2514 | D:4      | Noticed a lemure
  2514 | D:4      | Noticed a lemure
  2525 | D:4      | Noticed an orc warrior
  2553 | D:4      | Killed Pikel
  2554 | D:4      | Reached skill level 5 in Maces & Flails
  2554 | D:4      | Reached XP level 6. HP: 32/41 MP: 6/6
  2554 | D:4      | Reached XP level 7. HP: 37/46 MP: 7/7
  2998 | D:4      | Noticed Robin
  3030 | D:4      | Killed Robin
  3298 | D:5      | Entered Level 5 of the Dungeon
  3476 | D:5      | Reached skill level 5 in Armour
  3732 | D:5      | Reached XP level 8. HP: 52/52 MP: 8/8
  3798 | D:5      | Found a white marble altar of Elyvilon.
  3812 | D:5      | Noticed Dowan
  3814 | D:5      | Noticed Duvessa
  3844 | D:5      | Killed Duvessa
  3860 | D:5      | Killed Dowan
  4993 | D:6      | Reached XP level 9. HP: 40/59 MP: 9/9
  5467 | D:6      | Found a glowing silver altar of Zin.
  5605 | D:6      | Identified the staff "Dofok" {Fly rC+ Str-4 Stlth+ Conj
                  | Ice}
  6390 | D:7      | Found a staircase to the Ecumenical Temple.
  6402 | Temple   | Entered the Ecumenical Temple
  6417 | Temple   | Became a worshipper of the Shining One
  6585 | D:7      | Found an ornate altar of the Wu Jian Council.
  7111 | D:8      | Noticed Joseph
  7142 | D:8      | Killed Joseph
  7143 | D:8      | Reached skill level 10 in Fighting
  7143 | D:8      | Reached XP level 10. HP: 44/68 MP: 10/10
  7257 | D:8      | Reached skill level 1 in Invocations
  7267 | D:8      | Reached skill level 2 in Invocations
  7360 | D:8      | Reached skill level 3 in Invocations
  7388 | D:8      | Noticed Maggie
  7407 | D:8      | Killed Maggie
  7408 | D:8      | Reached skill level 4 in Invocations
  7541 | D:8      | Reached skill level 5 in Invocations
  7698 | D:8      | Found an iron altar of Okawaru.
  7719 | D:8      | Reached skill level 6 in Invocations
  7857 | D:9      | Noticed a two-headed ogre
  7863 | D:9      | Killed a two-headed ogre
  7864 | D:9      | Reached skill level 7 in Invocations
  7949 | D:9      | Found an ancient bone altar of Kikubaaqudgha.
  8182 | D:9      | Reached skill level 8 in Invocations
  8224 | D:9      | Found a runed translucent gate.
  8224 | D:9      | Found a runed translucent gate.
  8228 | D:9      | Found a runed translucent gate.
  8228 | D:9      | Noticed a red ugly thing
  8228 | D:9      | Noticed a cyan ugly thing
  8228 | D:9      | Noticed a red ugly thing
  8229 | D:9      | Noticed a white ugly thing
  8481 | D:9      | Reached skill level 9 in Invocations
  8487 | D:9      | Reached XP level 11. HP: 57/72 MP: 16/18
  8598 | D:9      | Reached skill level 10 in Invocations
  8624 | D:9      | Reached * piety under the Shining One
  8934 | D:9      | Noticed a two-headed ogre
  8957 | D:9      | Killed a two-headed ogre
  8958 | D:9      | Reached skill level 11 in Invocations
  9129 | D:9      | Found a staircase to the Orcish Mines.
  9518 | D:9      | Reached ** piety under the Shining One
  9570 | D:9      | Noticed a hell knight
  9585 | D:9      | Killed a hell knight
  9604 | D:9      | Identified the +3 sling of Arrival {freeze, rElec Str+2}
  9605 | D:9      | Found a faded altar of an unknown god.
  9632 | D:9      | Noticed a hell knight
  9644 | D:9      | Killed a hell knight
  9775 | D:9      | Reached skill level 12 in Invocations
 10158 | D:10     | Entered Level 10 of the Dungeon
 10158 | D:10     | Noticed a centaur warrior
 10172 | D:10     | Killed a centaur warrior
 10173 | D:10     | Reached XP level 12. HP: 73/79 MP: 21/21
 10241 | D:10     | Reached skill level 5 in Shields
 10502 | D:10     | Found a staircase to the Lair.
 10704 | D:10     | Found a shimmering blue altar of Sif Muna.
 10774 | D:10     | Found an opulent altar of Gozag.
 11775 | D:11     | Reached skill level 10 in Maces & Flails
 11824 | D:11     | Noticed a centaur warrior
 11840 | D:11     | Killed a centaur warrior
 12081 | D:12     | Noticed a centaur warrior
 12097 | D:12     | Killed a centaur warrior
 12098 | D:12     | Reached skill level 13 in Invocations
 12212 | D:12     | Incinerated by a deep elf pyromancer

Illustrated notes

Levels and vault maps discovered:
D:1:      psy_arrival_heroes, layout_rooms
D:2:      layout_basic
D:3:      layout_basic, mainiacjoe_overflow_paths,
          hellmonk_ecumenical_altar_inner_sanctum
D:4:      layout_basic, grunt_qazlal_sundering, serial_shops,
          nicolae_shop_crystal, uniq_pikel, uniq_robin
D:5:      wad_woods_stonehenge, layout_basic, nrook_mini_vaults, uniq_duvessa
D:6:      layout_gridville, old_standard_altar, corexii_corridor_pit
D:7:      layout_loops_corners, kennysheep_mini_moat,
          minmay_temple_entry_glassed_door, serial_rivers,
          chequers_serial_rivers_micro_c, chequers_serial_rivers_large_b,
          chequers_serial_rivers_micro_c, chequers_serial_rivers_micro_e,
          serial_park_tiny_2
D:8:      layout_rooms, lemuel_crystal_altar, uniq_maggie, uniq_joseph
D:9:      regret_index_infernal_bastille, layout_loops_ring,
          overflow_temple_1_default, minmay_orc_entry_temple_small,
          ploomutoo_gammafunk_ghost_potion_laboratory
D:10:     layout_roguey, grunt_gozag_breadcrumbs, hellmonk_sif_muna_bookshelves,
          erik_lair_orcish_takeover, minmay_door_square
D:11:     layout_basic
D:12:     layout_roguey
Temple:   zaba_magenta_temple

Skill      XL: |  1  2  3  4  5  6  7  8  9 10 11 12 |
---------------+-------------------------------------+-----
Fighting       | 4 6 8 10 11 | 11.3
Maces & Flails | 3 5 7 9 10 | 10.2
Armour         | 4 5 6 7 8 9 |  9.1
Shields        | 4 5 |  5.9
Invocations    | 9 12 13 | 13.1

Action                     |  1- 3 |  4- 6 |  7- 9 | 10-12 || total
---------------------------+-------+-------+-------+-------++-------
  Melee: Flail             |   162 |    92 |     1 |       ||   255
         Whip              |       |       |   430 |   711 ||  1141
  Throw: Javelin           |     2 |     3 |     8 |    19 ||    32
 Invoke: Divine Shield     |       |       |       |     4 ||     4
  Evoke: Wand              |       |       |    14 |     1 ||    15
    Use: Potion            |     1 |     2 |     3 |     4 ||    10
         Scroll            |       |       |     6 |     6 ||    12
 Armour: Scale mail        |   174 |    91 |   129 |       ||   394
         Ring mail         |       |       |   168 |    28 ||   196
         Steam dragon scal |       |       |       |    59 ||    59
         Plate armour      |       |       |       |   404 ||   404
  Dodge: Dodged            |    98 |    58 |   160 |   183 ||   499
  Block: Buckler           |    47 |    26 |    87 |    78 ||   238
         Kite shield       |       |       |       |   150 ||   150
